[Event "*** Titled Tuesday Blitz"]
[Site "Chess.com"]
[Date "2020.05.05"]
[Round "6"]
[White "Witaliss"]
[Black "ftorodent"]
[Result "0-1"]
[WhiteElo "2474"]
[BlackElo "2664"]
[TimeControl "180+1"]
[EndTime "11:08:14 PDT"]
[Termination "ftorodent won on time"]

1. d4 f5 2. Bf4 Nf6 3. e3 d6 4.
c4 g6 5. h4 Bg7 6. h5 Nxh5 7.
Rxh5 gxh5 8. Qxh5+ Kf8 9. Nf3 Qe8 10. Qh2 Nc6 11. Nc3 e5 12. dxe5 dxe5 13. Bh6 Qg6 14.
Bxg7+ Qxg7 15. O-O-O Be6 16. Qh4 h6 17. Nb5 Re8 18.
Be2 Qe7 19. Qh2 a6 20. Nc3 Qf6 21. Nh4 Rg8 22. Bh5 Rd8 23. Rxd8+ Nxd8 24. Nd5 Bxd5 25.
cxd5 Nf7 26. Qh3 Nd6 27. Be2 Ke7 28. Nf3 Rg4 29. Qh2 Nf7 30. Nd2 Rg8 31. Nc4 f4 32. e4 Nd6 33. Nd2 Qg6 34. Bf3 Kd8 35. Qh4+ Qg5 36. Qh3 Rg7 37. Qe6 Qe7 38. Qh3 Qf6 39. Qh5 Kc8 40. b3 Kb8 41. Kc2 Qg5 42. Qh3 Qf6 43. Qh5 Nb5 44. a4 Nd4+ 45. Kd3 Qd6 46. Nc4 Qb4 47. Qxe5 Nxf3 48. Qxg7 Qxb3+ 49. Qc3 Ne1+ 50. Kd2 Qxc3+ 51. Kxc3 Nxg2 0-1

[Event "*** Titled Tuesday Blitz"]
[Site "Chess.com"]
[Date "2020.05.05"]
[Round "6"]
[White "CMS13"]
[Black "etesungam"]
[Result "1-0"]
[WhiteElo "2187"]
[BlackElo "2319"]
[TimeControl "180+1"]
[EndTime "11:08:15 PDT"]
[Termination "CMS13 won by checkmate"]

1. e4 c5 2. Nc3 Nc6 3. Bb5 g6 4. Bxc6 dxc6 5. d3 Bg7 6. f4 Nf6 7. Nf3 O-O 8. O-O Bg4 9. h3 Bxf3 10. Qxf3 b5 11. a4 Qb6 12. Be3 Nd7 13. Qf2 Qb7 14. Bxc5 Nxc5 15. Qxc5 b4 16. Ne2 Bxb2 17. Rab1 Ba3 18.
Nd4 Qb6 19. Qxb6 axb6 20. Nxc6 Rxa4 21. Nxe7+ Kg7 22. Nd5 b5 23. c3 bxc3 24. Nxc3 Rd4 25. Nxb5 Rxd3 26. Nxa3 Rxa3 27. Rb2 Re3 28. e5 g5 29.
fxg5 Rxe5 30. h4 Re4 31. g3 Kg6 32. Kg2 Rd8 33. Rb6+ Kg7 34. Rb7 Re2+ 35. Kh3 Rf8 36. h5 Re4 37. g4 Re2 38. Rf6 Kg8 39. g6 hxg6 40. hxg6 fxg6 41. Rxg6+ Kh8 42. Rh6+ Kg8 43. Rg6+ Kh8 44. Rh6+ Kg8 45. g5 Re5 46. Kg4 Rfe8 47. Rhh7 Re1 48. Rbg7+ Kf8 49. Rf7+ Kg8 50. Rfg7+ Kf8 51.
Rc7 Rg1+ 52. Kf3 Rf1+ 53. Kg2 Rf5 54. Rh8# 1-0

[Event "*** Titled Tuesday Blitz"]
[Site "Chess.com"]
[Date "2020.05.05"]
[Round "6"]
[White "top_bu_tz"]
[Black "Ariadna_Atreides"]
[Result "1-0"]
[WhiteElo "2218"]
[BlackElo "1990"]
[TimeControl "180+1"]
[EndTime "11:08:15 PDT"]
[Termination "top_bu_tz won on time"]

1. d4 e6 2. c4 Bb4+ 3. Bd2 Qe7 4. Nc3 Nf6 5. g3 Nc6 6. Nf3 d5 7. Bg2 dxc4 8. O-O O-O 9. Rc1 Bd7 10. Nb5 Bxd2 11.
Qxd2 Rac8 12. Rxc4 a6 13. Na3 b5 14. Rc2 Nb4 15. Rc5 Nbd5 16. Ne5 Rfd8 17. Rfc1 Be8 18. e4 Nb6 19. Qe3 h6 20. Nb1 Qd6 21. Nf3 Ng4 22.
Qa3 Nc4 23. Qc3 e5 24. b3 exd4 25. Qb4 a5 26. Qxb5 Nce5 27. Qxa5 Nxf3+ 28. Bxf3 Nf6 29. e5 Qe6 30. exf6 d3 31. Rd1 Qxf6 32. Rxc7 Rxc7 33.
Qxc7 Rd7 34. Qc8 Rd8 35. Qg4 Bd7 36. Qf4 Bf5 37. g4 Qg6 38. Qxf5 Qxf5 39. gxf5 g6 40. Be4 g5 41. Bxd3 Rd4 42. Bc2 Rg4+ 43. Kf1 Rf4 44.
Rd8+ Kg7 45. Bd3 Kf6 46. Nd2 Rh4 47. Ne4+ 1-0

[Event "*** Titled Tuesday Blitz"]
[Site "Chess.com"]
[Date "2020.05.05"]
[Round "6"]
[White "fish7728"]
[Black "crossingthestreet"]
[Result "0-1"]
[WhiteElo "2048"]
[BlackElo "2278"]
[TimeControl "180+1"]
[EndTime "11:08:15 PDT"]
[Termination "crossingthestreet won on time"]

1. d4 Nf6 2. c4 e6 3. Nc3 c5 4. d5 d6 5. e4 g6 6. Nf3 Bg7 7. h3 O-O 8. Bd3 a6 9. a4 e5 10. Be3 Nh5 11. Ne2 f5 12. exf5 gxf5 13. Bg5 Qe8 14. Nh2 e4 15. Bc2 f4 16. Qb1 h6 17. Bh4 f3 18. Ng3 Nf4 19. gxf3 exf3+ 20. Kf1 Bxh3+ 21. Kg1 Qe2 22. Ng4 Qd2 23. Ne3 Bd4 24. Qe1 Bxe3 25. Qxe3 Qxc2 26. Qxf3 Nd7 27. Ne2 Qxe2 28.
Rxh3 Nxh3+ 29. Qxh3 Qe4 30. Bg3 Qg6 31. Qxd7 Rad8 32.
Qh3 Rde8 33. Kg2 Rf7 34. Rh1 Ref8 35. Qxh6 Qxh6 36. Rxh6 Rf6 37. Rh5 Kg7 38. Rg5+ Kf7 39. Rh5 Re8 40. Rh7+ Kg6 41. Rxb7 Re2 42. Rb6 Rc2 43. b3 Rb2 44. Bxd6 Rxb3 45. Rxb3 Rxd6 0-1

[Event "*** Titled Tuesday Blitz"]
[Site "Chess.com"]
[Date "2020.05.05"]
[Round "6"]
[White "lachesisQ"]
[Black "LPSupi"]
[Result "1-0"]
[WhiteElo "3094"]
[BlackElo "2917"]
[TimeControl "180+1"]
[EndTime "11:08:16 PDT"]
[Termination "lachesisQ won by checkmate"]

1. e4 c5 2. Nf3 d6 3. Bb5+ Bd7 4. Bxd7+ Nxd7 5. O-O Ngf6 6. Qe2 Rc8 7. b3 g6 8.
Bb2 Bg7 9. d4 cxd4 10. Nxd4 Nc5 11.
Nd2 O-O 12. c4 e6 13. Rfd1 a6 14. Rac1 Qc7 15. f3 Rfe8 16. Nf1 Qb8 17. Nc2 d5 18. e5 Nh5 19. Qe3 dxc4 20. bxc4 Bf8 21. Bd4 Ng7 22. g4 Red8 23. Ng3 Be7 24. Kg2 Rd7 25.
Rd2 Rcd8 26. Rcd1 Qc8 27. Ne1 Na4 28. Qb3 Nc5 29. Qc2 Qc6 30. Bxc5 Rxd2+ 31. Rxd2 Qxc5 32. Nd3 Qc6 33. Ne4 Ne8 34. Ndf2 Rc8 35. Qd1 Kf8 36. Rd7 Qxc4 37. Qd2 Qb4 38. Qh6+ Kg8 39. Rd2 Qb6 40. g5 Qc7 41. Ng4 Kh8 42. Rd4 Qc6 43. Ngf6 Qc2+ 44.
Kg3 Nxf6 45. Nxf6 Bxf6 46. gxf6 Rg8 47. Qxh7+ Kxh7 48. Rh4# 1-0

[Event "*** Titled Tuesday Blitz"]
[Site "Chess.com"]
[Date "2020.05.05"]
[Round "6"]
[White "AryanTari"]
[Black "Aygehovit1992"]
[Result "0-1"]
[WhiteElo "2864"]
[BlackElo "2693"]
[TimeControl "180+1"]
[EndTime "11:08:16 PDT"]
[Termination "Aygehovit1992 won by resignation"]

1. e4 d6 2. d4 g6 3. Nf3 Bg7 4.
Bc4 c6 5. O-O Nf6 6. Re1 Bg4 7.
Nbd2 O-O 8. h3 Bxf3 9. Nxf3 d5 10. exd5 cxd5 11. Bd3 Nc6 12. c3 a6 13. Bf4 e6 14. Qd2 Re8 15. Re2 Rc8 16. Rae1 b5 17.
Bh6 Nd7 18. Nh2 Bxh6 19. Qxh6 Qf6 20. Ng4 Qg7 21. Qf4 Nd8 22. Qd6 Nb8 23. Qxd5 h5 24. Nh2 exd5 25. Rxe8+ Kh7 26. Nf3 Nbc6 27. Ne5 Rc7 28.
Nf3 Kh6 29. h4 Ne6 30. g3 Re7 31. Rc8 Nexd4 32. cxd4 Rxe1+ 33. Nxe1 Nxd4 34. Re8 Qf6 35. Kg2 Kg7 36. b3 Ne6 37. Nf3 Qb2 38. Ra8 Qxa2 39. Bxb5 Qxb3 40. Bxa6 Nc7 41. Ra7 Qb6 42. Rb7 Qc6 43.
Nd4 Qxa6 44. Rxc7 Qb6 45. Rc2 Qxd4 46. Kh2 Qe4 47. Rd2 d4 48. Rb2 d3 49. Re2 dxe2 0-1

[Event "*** Titled Tuesday Blitz"]
[Site "Chess.com"]
[Date "2020.05.05"]
[Round "6"]
[White "mirciulica14"]
[Black "JulAnt"]
[Result "0-1"]
[WhiteElo "2611"]
[BlackElo "2461"]
[TimeControl "180+1"]
[EndTime "11:08:16 PDT"]
[Termination "JulAnt won on time"]

1. d4 Nf6 2. c4 g6 3. g3 Bg7 4.
Bg2 O-O 5. Nc3 d6 6. Nf3 Nc6 7. O-O Bg4 8. d5 Na5 9. Nd2 c5 10. Qc2 a6 11. b3 b5 12. Bb2 Rb8 13. Rab1 Qc7 14. h3 Bd7 15. e4 Rb7 16. f4 Rfb8 17.
Nd1 Ne8 18. Bxg7 Nxg7 19. Ne3 bxc4 20. bxc4 Rb4 21. g4 Ba4 22. Qc3 Rxb1 23. Rxb1 Rxb1+ 24. Nxb1 Qb6 25. Nd2 Qb4 26. Qc1 Ne8 27. e5 Nc7 28.
exd6 exd6 29. Ne4 Qb6 30. Qa1 Ne8 31. f5 Qb4 32. Qc1 Bd7 33. fxg6 hxg6 34. h4 Qa4 35. Ng5 Qxa2 36. Qf1 f6 37. Ne4 Qb2 38. Kh1 Qd4 39. Qe2 Nb3 40. Ng3 Qd2 41. Qf3 Nd4 42.
Qe4 Qe1+ 43. Kh2 Kf7 44. h5 gxh5 45. gxh5 f5 46. Qf4 Nf6 0-1

[Event "*** Titled Tuesday Blitz"]
[Site "Chess.com"]
[Date "2020.05.05"]
[Round "6"]
[White "WPWPWP-2015"]
[Black "DanielTitichoca"]
[Result "1-0"]
[WhiteElo "2444"]
[BlackElo "2285"]
[TimeControl "180+1"]
[EndTime "11:08:16 PDT"]
[Termination "WPWPWP-2015 won on time"]

1. d4 Nf6 2. c4 e6 3. Nc3 Bb4 4.
f3 d5 5. cxd5 exd5 6. Bf4 O-O 7.
e3 c5 8. Bd3 Nc6 9. Ne2 Re8 10.
O-O h6 11. Nb5 c4 12. Bc2 g5 13. Bc7 Qe7 14. e4 a6 15. Bg3 axb5 16. e5 Nh5 17. f4 Nxg3 18. hxg3 Bg4 19. Rf3 Bxf3 20. gxf3 gxf4 21.
a3 Ba5 22. Nxf4 Qg5 23. Kg2 Bb6 24. Nxd5 Bxd4 25. Nf6+ Kg7 26. f4 Qxf6 27. exf6+ Bxf6 28. Qg4+ Kf8 29. Qh5 Bg7 30. Kh3 Nd4 31. Bd1 Re3 32. Qc5+ Kg8 33. Bh5 Rae8 34. Qd5 R8e6 35. f5 R3e5 36. Qxd4 Rxf5 37. Qd8+ Kh7 38. Bg4 Ref6 39.
Bxf5+ Rxf5 40. Qd7 Rh5+ 41. Kg2 Rg5 42. Rf1 f6 43. Rf5 Rg6 44. Qd5 Rg5 45. Qe4 1-0

[Event "*** Titled Tuesday Blitz"]
[Site "Chess.com"]
[Date "2020.05.05"]
[Round "6"]
[White "MartinMatthiesen"]
[Black "Boliviar"]
[Result "0-1"]
[WhiteElo "2450"]
[BlackElo "2334"]
[TimeControl "180+1"]
[EndTime "11:08:17 PDT"]
[Termination "Boliviar won on time"]

1. d4 d5 2. c4 c6 3. Nf3 Nf6 4. Nc3 dxc4 5. a4 Bf5 6. Ne5 Nbd7 7. Nxc4 Nb6 8. Ne5 Nbd7 9. Qb3 Nxe5 10. dxe5 Nd7 11. Qxb7 Nxe5 12. Bf4 Ng6 13. Bc7 Qc8 14.
Qxc8+ Rxc8 15. Bg3 e5 16. e4 Be6 17. O-O-O Bb4 18.
Bd3 Ke7 19. Bc2 Rhd8 20. Rxd8 Rxd8 21. Rd1 Rxd1+ 22. Nxd1 Bc4 23. Ne3 Be6 24. f3 Bc5 25.
Kd2 Bd4 26. b3 f6 27. Bf2 Nf4 28. g3 Nh3 29. Be1 Ng1 30. Bd1 g6 31. Nc4 Bxc4 32. bxc4 Kd6 33. Kd3 Kc5 34. Ba5 f5 35. Bd8 fxe4+ 36.
fxe4 Nh3 37. Be7+ Kb6 38. Bf3 Nf2+ 39. Ke2 Ka5 40. Bd6 Kxa4 41. Bxe5 Bxe5 42. Kxf2 Kb4 43. Be2 a5 44. Ke3 Kc3 45. Bd1 Kxc4 46. Ba4 c5 47. Bc6 Kc3 0-1

[Event "*** Titled Tuesday Blitz"]
[Site "Chess.com"]
[Date "2020.05.05"]
[Round "6"]
[White "DDTerziev04"]
[Black "Shivagami"]
[Result "0-1"]
[WhiteElo "2273"]
[BlackElo "2155"]
[TimeControl "180+1"]
[EndTime "11:08:18 PDT"]
[Termination "Shivagami won on time"]

1. e4 e5 2. Nf3 Nc6 3. Bc4 Nf6 4. d3 Be7 5. O-O O-O 6. c3 d6 7. Bb3 Na5 8. Bc2 c5 9. d4 Nc6 10. h3 Qc7 11. Bg5 h6 12. Bxf6 Bxf6 13. Na3 Ne7 14. Nb5 Qb6 15. dxe5 dxe5 16. Qe2 a6 17. Na3 Qxb2 18. Nc4 Qxc3 19. Rac1 Be6 20. Bb3 Bxc4 21. Bxc4 Qa5 22. Rb1 b5 23. Bd5 Rad8 24. Rfd1 c4 25. a4 Rd6 26. axb5 axb5 27. Ra1 Qb6 28. Rab1 Qc5 29. Nd2 Nxd5 30. exd5 Rxd5 31. Ne4 Rxd1+ 32. Rxd1 Qe7 33. Rd5 Rb8 34. Qb2 b4 35. Rc5 Qe6 36. Qc2 b3 37. Qb2 Rd8 38. Qc3 Rd3 39. Qb4 Qf5 40. f3 Rd1+ 41. Kf2 Qf4 42. Rc8+ Kh7 43. Qf8 Bh4+ 0-1

[Event "*** Titled Tuesday Blitz"]
[Site "Chess.com"]
[Date "2020.05.05"]
[Round "6"]
[White "Igrok3069"]
[Black "Fighter008"]
[Result "0-1"]
[WhiteElo "2757"]
[BlackElo "2568"]
[TimeControl "180+1"]
[EndTime "11:08:19 PDT"]
[Termination "Fighter008 won on time"]

1. d4 Nf6 2. c4 g6 3. Nc3 Bg7 4. e4 d6 5. Be2 O-O 6. Be3 e5 7.
Nf3 Ng4 8. Bg5 f6 9. Bh4 Nc6 10. d5 Ne7 11. Nd2 Nh6 12. Qc2 c5 13. dxc6 bxc6 14.
c5 d5 15. f3 Be6 16. O-O-O Qa5 17. Nb3 Qb4 18. Be1 Qb7 19. h4 f5 20. h5 Nf7 21.
hxg6 hxg6 22. g4 f4 23. Bh4 g5 24. exd5 cxd5 25. Bf2 Rfc8 26. Kb1 a5 27. c6 Rxc6 28. Nc5 Rxc5 29. Bxc5 Rc8 30. Bxe7 Qxe7 31. Nxd5 Qb7 32. Nf6+ Bxf6 33. Qg6+ Bg7 34. Qxe6 e4 35. Qb3 Qxb3 36. axb3 e3 37. Bc4 Kf8 38. Rd5 Ne5 39. Be2 Rb8 40. Ka2 Nc6 41. Rf5+ Ke7 42. Rxg5 Bf6 43. Rh7+ Kd6 44.
Rg6 Ke5 45. g5 Be7 46. Bc4 a4 0-1

[Event "*** Titled Tuesday Blitz"]
[Site "Chess.com"]
[Date "2020.05.05"]
[Round "6"]
[White "awesomevishesh"]
[Black "MarcoCorvi"]
[Result "1-0"]
[WhiteElo "2476"]
[BlackElo "2246"]
[TimeControl "180+1"]
[EndTime "11:08:19 PDT"]
[Termination "awesomevishesh won by checkmate"]

1. d4 Nf6 2. c4 g6 3. Nc3 Bg7 4. Nf3 O-O 5. g3 d6 6. Bg2 Nc6 7. O-O Bf5 8. d5 Na5 9. Nd2 c6 10. b4 Nxc4 11. Nxc4 Nxd5 12. Nxd5 Bxa1 13. Bh6 Bg7 14.
Bxg7 Kxg7 15. Nde3 Bd7 16. Qd4+ f6 17. h4 d5 18. Na5 e5 19. Qb2 Qb6 20. Rd1 Be6 21. Qa3 Rad8 22. Nb3 d4 23. Nc5 Bf7 24. Nc2 Rfe8 25.
h5 a6 26. Qd3 f5 27. a3 e4 28. Qd2 e3 29. fxe3 dxe3 30. Qc3+ Kf8 31. Rxd8 Qxd8 32. Nxe3 Rxe3 33. Qxe3 Qd1+ 34. Kh2 Qd6 35. h6 g5 36. Qxg5 Ke8 37. Qg7 Ke7 38. Nxb7 f4 39. Nxd6 Kxd6 40.
gxf4 Ke6 41. Qe5+ Kd7 42. Bh3+ Kd8 43. Qg7 Ke7 44. Bf5 Kd6 45. Qxf7 c5 46. Bxh7 cxb4 47.
axb4 Kc6 48. Qc4+ Kb6 49. Be4 a5 50. Qc6+ Ka7 51. Qb7# 1-0

[Event "*** Titled Tuesday Blitz"]
[Site "Chess.com"]
[Date "2020.05.05"]
[Round "6"]
[White "DonBroca"]
[Black "rynos0411"]
[Result "1/2-1/2"]
[WhiteElo "2129"]
[BlackElo "2373"]
[TimeControl "180+1"]
[EndTime "11:08:20 PDT"]
[Termination "Game drawn by repetition"]

1. e4 c6 2. d4 d5 3. Nc3 dxe4 4. Nxe4 Bf5 5. Ng3 Bg6 6. h4 h6 7. h5 Bh7 8. Nf3 Nf6 9. Bd3 Bxd3 10. Qxd3 Nbd7 11. Bf4 Qa5+ 12. Bd2 Qc7 13. O-O-O e6 14. Kb1 O-O-O 15. c4 Bd6 16. Ne4 Nxe4 17. Qxe4 Nf6 18. Qe2 Kb8 19. Ne5 Rhf8 20. Bf4 Ka8 21. c5 Bxe5 22. Bxe5 Qa5 23. Rh3 Nd5 24. Bxg7 Rg8 25. Rg3 Qa4 26. Qc2 Qa6 27. a3 Nf4 28. Bxh6 Rxg3 29. fxg3 Nxh5 30. Bf4 Qb5 31. Rh1 Ng7 32. Qe4 Nf5 33. Be5 a5 34. Rh7 Qf1+ 35. Ka2 Ne7 36. Qf4 Qc4+ 37. Kb1 Nd5 38. Qxf7 Qb5 39. Bc7 Rc8 40.
Bd6 a4 41. Rg7 Nc3+ 42. Kc2 Ne4 43. Qd7 Qb3+ 44. Kc1 Qe3+ 45. Kb1 Qd3+ 46. Ka2 Qc4+ 47. Ka1 Qc1+ 48. Ka2 Qc4+ 49. Kb1 Nd2+ 50. Ka1 Qc1+ 51. Ka2 Qc4+ 52. Ka1 Nb3+ 53. Ka2 Nd2+ 54. Ka1 1/2-1/2

[Event "*** Titled Tuesday Blitz"]
[Site "Chess.com"]
[Date "2020.05.05"]
[Round "6"]
[White "Stewie_89"]
[Black "Durarbayli"]
[Result "0-1"]
[WhiteElo "2634"]
[BlackElo "2813"]
[TimeControl "180+1"]
[EndTime "11:08:21 PDT"]
[Termination "Durarbayli won by resignation"]

1. e4 c5 2. Nf3 d6 3. Bb5+ Nd7 4. O-O a6 5. Bd3 g6 6. c3 Bg7 7. Bc2 e5 8. d4 Ne7 9. a4 O-O 10. Na3 b5 11. Be3 exd4 12. cxd4 Rb8 13. axb5 axb5 14. Qe2 c4 15. Nb1 d5 16. Bf4 Rb6 17. Nc3 dxe4 18. Bxe4 Nf6 19. Ra7 Re6 20. Ng5 Nxe4 21. Nxe6 Nxc3 22. bxc3 Bxe6 23. Bg5 Re8 24. d5 Qxd5 25.
Rxe7 Ra8 26. Rd1 Qxg5 27. Rb7 Bxc3 28. h4 Qxh4 29. Rxb5 Bf6 30. Qf3 Rc8 31. Rc1 Kg7 32.
g3 Qg4 33. Qb7 h5 34. Rbb1 c3 35. Kh2 h4 36. Qg2 hxg3+ 37. Qxg3 Qxg3+ 38. Kxg3 c2 39. Rb5 Bf5 40. f4 Bd4 41. Kf3 Rc3+ 42. Ke2 Bd3+ 43. Kd2 Bxb5 44. Rxc2 Rxc2+ 45. Kxc2 Be3 46. Kc3 Bxf4 47.
Kb4 Be8 48. Kc3 g5 49. Kd4 Kg6 50. Ke4 f5+ 51. Kf3 g4+ 52. Kf2 Kf6 53. Kg2 Kg5 0-1

[Event "*** Titled Tuesday Blitz"]
[Site "Chess.com"]
[Date "2020.05.05"]
[Round "6"]
[White "2346PL"]
[Black "WoolworthsManly"]
[Result "1/2-1/2"]
[WhiteElo "2370"]
[BlackElo "2644"]
[TimeControl "180+1"]
[EndTime "11:08:21 PDT"]
[Termination "Game drawn by agreement"]

1. d4 d5 2. Nf3 Nf6 3. c3 c6 4. Bg5 Ne4 5. Bf4 Qb6 6. Qb3 Bf5 7. Nbd2 Nxd2 8. Nxd2 Nd7 9. e3 e6 10. Be2 Be7 11. O-O O-O 12. h3 c5 13. Qxb6 Nxb6 14.
dxc5 Bxc5 15. Nb3 Be7 16. Nd4 Bg6 17. a4 a6 18. Nf3 Rac8 19. Ne5 f6 20. Nxg6 hxg6 21.
e4 dxe4 22. Rfd1 Nd5 23. Bd2 Rfd8 24. c4 Nb4 25. Bxb4 Bxb4 26. Kf1 Bd2 27. b3 a5 28.
Ra2 Bb4 29. Rc2 b6 30. g4 e5 31. f3 e3 32. Rd3 Bd2 33. Rxd8+ Rxd8 34. c5 bxc5 35. Rxc5 Kh7 36. Rc7 Kh6 37. h4 Rd4 38. Bc4 Rd8 39. Rc6 Rf8 40. Ke2 f5 41. Bd3 e4 42.
fxe4 fxg4 43. e5 Kh5 44. Rxg6 Kxh4 45. e6 Re8 46. Bf5 g3 47. Rg4+ Kh5 48. Rxg7 Bb4 49.
Rxg3 Rf8 50. Rf3 Bc5 51. Kd3 Kg5 52. Be4 Rxf3 53. Bxf3 Kf4 54. Be2 Ke5 55. Bg4 Kf4 56. Be2 Ke5 57. Bg4 Kd6 58. Ke2 Kd5 59. Kd3 Ke5 60. e7 Bxe7 61. Kxe3 1/2-1/2

[Event "*** Titled Tuesday Blitz"]
[Site "Chess.com"]
[Date "2020.05.05"]
[Round "6"]
[White "platy3"]
[Black "LiemLe"]
[Result "0-1"]
[WhiteElo "2709"]
[BlackElo "2968"]
[TimeControl "180+1"]
[EndTime "11:08:22 PDT"]
[Termination "LiemLe won by resignation"]

1. e4 e5 2. Nf3 Nc6 3. Bb5 a6 4.
Ba4 Nf6 5. O-O Bc5 6. c3 b5 7. Bb3 d6 8. d4 Bb6 9. a4 Rb8 10. a5 Ba7 11. h3 O-O 12. Be3 Re8 13.
Ng5 Rf8 14. Nf3 Ra8 15. Nbd2 h6 16. dxe5 Nxe5 17. Bxa7 Rxa7 18. Nxe5 dxe5 19. Nf3 Qe7 20. Qe2 c5 21. Rfd1 Rd7 22. Qe3 c4 23. Bc2 Rfd8 24.
Rxd7 Rxd7 25. Qb6 Bb7 26. Re1 g6 27. Kh2 Kg7 28. Kg1 Rd6 29. Qc5 Re6 30. Qe3 Qc7 31.
Ra1 Bc6 32. Qc5 Nd7 33. Qe3 Qb7 34. b3 cxb3 35. Bxb3 Re7 36. Re1 Nf6 37. Nd2 Qc7 38. Qc5 Bb7 39. Qb4 Rd7 40. Nf3 Re7 41. c4 bxc4 42. Qxc4 Qxa5 43. g3 Qb5 44. Qxb5 axb5 45. Nd2 Rd7 46. Re2 Rd3 47. Bc2 Rc3 48. Bb3 b4 49. f3 Ba6 50. Rf2 Nd7 51. g4 Nc5 52.
Bd5 b3 53. Kh2 Nd3 54. Kg3 Nxf2 0-1

[Event "*** Titled Tuesday Blitz"]
[Site "Chess.com"]
[Date "2020.05.05"]
[Round "6"]
[White "chessdjw"]
[Black "rpragchess"]
[Result "1/2-1/2"]
[WhiteElo "2663"]
[BlackElo "2840"]
[TimeControl "180+1"]
[EndTime "11:08:22 PDT"]
[Termination "Game drawn by repetition"]

1. e4 c5 2. Nf3 Nc6 3. Bb5 g6 4. O-O Bg7 5. c3 Nf6 6. Re1 O-O 7. d4 d5 8. e5 Ne4 9. Be3 cxd4 10. cxd4 Qb6 11.
Bxc6 bxc6 12. Qc1 a5 13. Nc3 Nxc3 14. Qxc3 a4 15. Rac1 Bd7 16. h3 Rfb8 17. Re2 h6 18.
Ne1 Bf5 19. g4 Bd7 20. Nd3 Qb5 21. Rd2 f5 22. Nc5 Bc8 23. f3 Qb4 24. Qxb4 Rxb4 25.
a3 Rb5 26. Rc3 h5 27. gxh5 gxh5 28. Bf4 e6 29. h4 Bf8 30. Rdc2 Kf7 31. Bg5 Raa5 32.
Nd3 Bd7 33. Kf2 Ra8 34. Nc5 Be8 35. Ke3 Raa5 36. Nd3 Ra8 37. Kd2 Rab8 38. Kc1 Rb3 39. Rxb3 Rxb3 40. Kd2 Bd7 41. Rc3 Rb5 42. Kc1 c5 43.
Nxc5 Bxc5 44. Rxc5 Rxc5+ 45. dxc5 d4 46. Kc2 Bb5 47. b3 Ke8 48. bxa4 Bxa4+ 49. Kd3 Kd7 50.
Kxd4 Kc6 51. Be3 Bd1 52. f4 Kb5 53. Kc3 Ba4 54. Bd4 Bd1 55. Bf2 Ba4 56. Be1 Bd1 57. c6 Kxc6 58. Kb4 Be2 59. a4 Bf1 60. Bf2 Be2 61.
Be1 Bf1 62. Bf2 Be2 63. Be1 1/2-1/2

[Event "*** Titled Tuesday Blitz"]
[Site "Chess.com"]
[Date "2020.05.05"]
[Round "6"]
[White "MFBerna"]
[Black "enriquetejedor"]
[Result "1-0"]
[WhiteElo "2334"]
[BlackElo "2459"]
[TimeControl "180+1"]
[EndTime "11:08:22 PDT"]
[Termination "MFBerna won by resignation"]

1. e4 c5 2. Nf3 Nc6 3. d4 cxd4 4.
Nxd4 Nf6 5. Nc3 e6 6. Ndb5 d6 7. Bf4 e5 8. Bg5 a6 9. Na3 h6 10. Bxf6 Qxf6 11. Nd5 Qd8 12. Nc4 Rb8 13. Ncb6 Be6 14.
Bc4 Be7 15. O-O O-O 16. Qd3 Kh8 17. a4 g6 18. Rad1 f5 19. Qh3 Kg7 20. c3 Bc8 21. Nxc8 Rxc8 22. exf5 Rxf5 23. Ne3 Rf6 24. Ng4 h5 25.
Nxf6 Bxf6 26. Qe6 Be7 27. Qf7+ Kh6 28. Bd3 Qg8 29. Qxg8 Rxg8 30. Be4 Rc8 31. Rd3 g5 32.
Rfd1 Nd8 33. Rxd6+ Bxd6 34. Rxd6+ Kg7 35. Kf1 Kf7 36.
Rh6 h4 37. Ke2 Rb8 38. b4 a5 39. bxa5 Ra8 40. a6 Rxa6 41. Rxa6 bxa6 42. Kf3 Kf6 43. Bd5 a5 44. Kg4 Kg6 45. c4 Kf6 46. c5 Ne6 47. Bxe6 Kxe6 48. Kxg5 Kd5 49. Kxh4 Kxc5 50.
Kg4 Kb4 51. h4 Kxa4 52. h5 Kb3 53. h6 a4 54. h7 e4 55. h8=Q e3 56. fxe3 1-0

[Event "*** Titled Tuesday Blitz"]
[Site "Chess.com"]
[Date "2020.05.05"]
[Round "6"]
[White "Justinz"]
[Black "Vamostodorecto"]
[Result "0-1"]
[WhiteElo "2336"]
[BlackElo "2522"]
[TimeControl "180+1"]
[EndTime "11:08:23 PDT"]
[Termination "Vamostodorecto won on time"]

1. e4 e5 2. Nf3 Nc6 3. Nc3 Nf6 4. Bb5 Nd4 5. Ba4 c6 6. O-O Nxf3+ 7. Qxf3 d6 8. d3 Be7 9. Bg5 O-O 10. h3 h6 11. Bh4 Be6 12. Bb3 Qd7 13. Bxf6 Bxf6 14.
Rad1 Rad8 15. Ne2 d5 16. Ng3 Kh7 17. Rfe1 d4 18. Nf5 a5 19. c3 c5 20. Rf1 a4 21.
Bc2 Bxa2 22. Qg3 Be6 23. f4 exf4 24. Qxf4 Bxf5 25. Qxf5+ Qxf5 26. Rxf5 dxc3 27. e5 Bg5 28. bxc3 g6 29. Rff1 a3 30. d4 cxd4 31. cxd4 Rxd4 32. Kh1 Rxd1 33. Rxd1 Ra8 34. Bb3 Bf4 35. e6 fxe6 36. Bxe6 g5 37. Ba2 b5 38. g4 b4 39. Rd7+ Kg6 40. Rb7 Bd2 41. Kg2 Bc3 42. Kf3 Rd8 43. Rb6+ Kg7 44. Rb7+ Kf6 45. Ke4 Rd4+ 46. Ke3 Rd2 47.
Bb3 a2 48. Bxa2 Rxa2 49. Kd3 Rd2+ 50. Kc4 Rh2 51. Rb6+ Ke5 52. Rxh6 Kf4 0-1

[Event "*** Titled Tuesday Blitz"]
[Site "Chess.com"]
[Date "2020.05.05"]
[Round "6"]
[White "Mikhail_Golubev"]
[Black "mamey78"]
[Result "1-0"]
[WhiteElo "2515"]
[BlackElo "2330"]
[TimeControl "180+1"]
[EndTime "11:08:23 PDT"]
[Termination "Mikhail_Golubev won on time"]

1. e4 e5 2. Nf3 Nc6 3. Nc3 Nf6 4. d4 exd4 5. Nxd4 Nxe4 6. Nxe4 Qe7 7. f3 d5 8. Bb5 Bd7 9. Bxc6 bxc6 10. O-O dxe4 11. Re1 O-O-O 12. Rxe4 Qc5 13. c3 Qb6 14. Qe1 c5 15.
Nb3 Bf5 16. Re5 Bc2 17. Be3 f6 18. Bxc5 Bxc5+ 19. Rxc5 Bxb3 20. Qf2 Rd1+ 21. Rxd1 Bxd1 22. b4 Re8 23. h3 Qd6 24. Ra5 Re2 25. Qxa7 Re1+ 26.
Kf2 Qd2+ 27. Kg3 Qd6+ 28. Kf2 Re2+ 29. Kf1 Rd2 30. Qa8+ Kd7 31. Qe4 Bc2 32. Qg4+ Ke7 33. Qxg7+ Ke6 34. Qg8+ Ke7 35. Qg7+ Ke6 36. Qg8+ Kd7 37.
Qg7+ Kc6 38. Qg4 Bd3+ 39. Kg1 Qe5 40. Rxe5 fxe5 41. Qe6+ 1-0

[Event "*** Titled Tuesday Blitz"]
[Site "Chess.com"]
[Date "2020.05.05"]
[Round "6"]
[White "r31415"]
[Black "SahajGrover"]
[Result "0-1"]
[WhiteElo "2412"]
[BlackElo "2727"]
[TimeControl "180+1"]
[EndTime "11:08:24 PDT"]
[Termination "SahajGrover won on time"]

1. e4 e6 2. d4 d5 3. Nc3 Bb4 4. exd5 exd5 5. Bd3 c6 6. Qf3 Qf6 7. Be3 Qxf3 8. Nxf3 Nf6 9. O-O O-O 10. Bg5 Nbd7 11.
Ne2 h6 12. Bf4 Ne4 13. c3 Ba5 14. Rfe1 g5 15. Be3 f5 16. g3 Ndf6 17. Ne5 Bc7 18. f3 Nd6 19. Nc1 Nf7 20. f4 Ne4 21. Nb3 Nxe5 22.
dxe5 Bb6 23. Bxe4 fxe4 24. Bxb6 axb6 25. Rf1 Bh3 26. Rf2 gxf4 27. gxf4 Kf7 28. Nd4 Rg8+ 29. Kh1 c5 30. Nb5 e3 31. Nd6+ Ke6 32. Re2 d4 33. cxd4 cxd4 34. Nb5 d3 35. Nc7+ Kd7 36. Rxe3 Bg2+ 37.
Kg1 Kxc7 38. a3 d2 39. Kf2 Bc6 40. Rd3 Rg2+ 41. Ke3 Rxh2 42. Rxd2 Rh3+ 43. Kf2 Rg8 44. Rg1 Rh2+ 45. Ke3 Rh3+ 46. Kf2 Rf3+ 0-1

[Event "*** Titled Tuesday Blitz"]
[Site "Chess.com"]
[Date "2020.05.05"]
[Round "6"]
[White "GM_Levan_Pantsulaia"]
[Black "Gubajdullin"]
[Result "1-0"]
[WhiteElo "2776"]
[BlackElo "2550"]
[TimeControl "180+1"]
[EndTime "11:08:25 PDT"]
[Termination "GM_Levan_Pantsulaia won on time"]

1. Nf3 d5 2. g3 Nf6 3. Bg2 c6 4. c4 Bg4 5. Ne5 Be6 6. cxd5 Bxd5 7. Nf3 e5 8. Nc3 Bxf3 9. Bxf3 Bc5 10. O-O O-O 11.
d3 Na6 12. a3 Nc7 13. Rb1 a5 14. Qc2 Ne6 15. e3 Qd7 16. Na4 Ba7 17. Bd2 Ng5 18. Bg2 Qf5 19. f4 exf4 20. gxf4 Ne6 21. Kh1 Ng4 22.
Rbe1 Rad8 23. Be4 Qh5 24. Bc1 b5 25. Nc3 b4 26. Nd1 Nc5 27. axb4 axb4 28. Rg1 f5 29. Bxc6 Nxd3 30. Re2 Rf6 31. Bf3 Bb6 32. Reg2 Rh6 33. Bxg4 fxg4 34. Rxg4 Rg6 35. Rxg6 hxg6 36. Rf1 Nxc1 37.
Qxc1 Qe2 38. Kg1 Kh7 39. b3 Rd2 40. Nf2 Bxe3 41. Qe1 Bxf2+ 42. Qxf2 Qxf2+ 43. Rxf2 1-0